Map: Acropolis LE

Players

ShaDoWn

  • Race: Protoss Protoss
  • Spawn Location: 5:00

Vindicta - Winner!

  • Race: Terran Terran
  • Spawn Location: 11:00

VOD

Have the link to the VOD?

Description

Time

  • Played on: Sept. 6, 2019, 9:57 p.m.
  • Length: 18:22
Show
View Real Time Build Order
Export as new Build Order

ShaDoWn Protoss 

Build Orders: 1 Gate Expand, Archon Immortal, Blink Stalkers, Carriers, Colossus Rush 

Get SALT Encoding   

  12  0:01  Probe  
  13  0:13  Probe  
  14  0:18  Pylon  
  14  0:24  Probe  
  15  0:33  Probe  
  15  0:36  Gateway  
  15  0:41  Probe  
  16  0:46  Assimilator  
  17  0:51  Probe  
  18  1:03  Probe  
  19  1:16  Probe  
  20  1:22  Nexus  
  20  1:31  Cybernetics Core  
  20  1:34  Probe  
  21  1:41  Assimilator  
  21  1:46  Probe  
  22  1:50  Pylon  
  22  1:58  Probe, Adept  
  25  2:08  Warp Gate  
  25  2:10  Probe  
  27  2:22  Probe  
  27  2:28  Stalker  
  29  2:31  Twilight Council, Probe x2  
  31  2:39  Probe x2  
  33  2:49  Probe  
  33  2:50  Probe  
  33  2:58  Stalker  
  37  3:01  Probe x2  
  39  3:08  Blink  
  39  3:11  Pylon  
  39  3:13  Probe  
  39  3:14  Probe  
  41  3:23  Probe  
  41  3:24  Robotics Facility  
  41  3:25  Probe  
  43  3:33  Assimilator  
  43  3:34  Probe, Assimilator  
  43  3:37  Probe  
  43  3:38  Gateway  
  45  3:42  Probe  
  46  3:49  Probe  
  46  3:50  Gateway, Probe  
  46  3:53  Pylon  
  48  4:00  Stalker  
  48  4:01  Probe  
  48  4:02  Shield Battery  
  51  4:06  Observer  
  52  4:18  Robotics Bay  
  52  4:22  Nexus  
  52  4:25  Pylon  
  52  4:27  Stalker  
  54  4:37  Observer, Probe  
  56  4:38  Probe  
  56  4:39  Stalker  
  56  4:43  Forge  
  56  4:45  Pylon  
  57  4:49  Probe, Stalker  
  57  4:50  Probe  
  57  4:51  Observer  
  62  5:01  Probe  
  63  5:10  Charge  
  63  5:12  Probe  
  63  5:13  Colossus  
  64  5:17  Shield Battery  
  64  5:19  Probe  
  71  5:24  Sentry  
  71  5:25  Probe  
  71  5:26  Pylon  
  74  5:31  Probe  
  75  5:37  Probe  
  75  5:40  Probe  
  77  5:43  Probe  
  77  5:45  Stalker x2  
  77  5:46  Protoss Ground Weapons Level 1  
  77  5:47  Observer  
  77  5:49  Probe  
  83  5:52  Probe  
  83  5:55  Probe  
  82  6:01  Probe  
  82  6:03  Probe  
  83  6:04  Gateway  
  83  6:05  Probe  
  83  6:06  Gateway  
  83  6:08  Gateway  
  83  6:09  Colossus, Probe  
  85  6:11  Probe  
  85  6:13  Probe  
  85  6:17  Probe, Assimilator x2  
  92  6:19  Probe  
  92  6:24  Probe, Robotics Bay  
  94  6:27  Gateway x2, Probe  
  94  6:31  Probe  
  96  6:33  Robotics Facility  
  96  6:36  Probe  
  97  6:42  Forge  
  97  6:46  Zealot x3  
  101  6:54  Protoss Ground Armor Level 1  
  101  7:10  Pylon x2  
  101  7:11  Pylon  
  101  7:14  Templar Archives  
  101  7:15  Nexus  
  101  7:16  Pylon  
  101  7:24  Pylon, Protoss Ground Weapons Level 2  
  101  7:28  Immortal, Warp Prism  
  107  7:36  Stalker x4  
  115  7:38  Pylon, Zealot  
  115  7:40  Probe  
  115  7:43  Probe  
  119  7:50  Probe  
  120  7:52  Probe  
  120  7:56  Gateway  
  120  7:57  Probe  
  122  7:58  Gateway  
  122  8:02  High Templar x2  
  122  8:03  High Templar x2  
  122  8:04  Zealot x2  
  134  8:06  Archon  
  134  8:07  Archon  
  134  8:11  Photon Cannon, Probe, Shield Battery  
  133  8:14  Assimilator  
  133  8:16  Assimilator  
  133  8:18  Immortal  
  137  8:21  Gravitic Drive  
  135  8:31  Immortal  
  135  8:33  Probe  
  135  8:34  Probe  
  141  8:45  Zealot x5  
  151  8:53  Pylon  
  151  8:56  Photon Cannon  
  151  9:04  Stargate  
  151  9:11  Protoss Shields Level 1  
  151  9:15  Immortal x2  
  157  9:18  Extended Thermal Lance  
  157  9:28  High Templar x2, Nexus  
  157  9:31  Pylon  
  161  9:32  Archon  
  161  9:33  Observer  
  161  9:36  Pylon  
  161  9:41  Pylon  
  161  9:44  Pylon  
  161  9:50  Oracle  
  161  9:51  Protoss Ground Weapons Level 3  
  161  9:53  Pylon  
  161  9:54  Protoss Air Weapons Level 1  
  161  10:02  Pylon  
  161  10:05  Fleet Beacon, Stargate  
  161  10:06  Stargate  
  164  10:14  Immortal, Pylon  
  164  10:15  Immortal  
  164  10:18  Photon Cannon  
  172  10:41  Photon Cannon  
  171  10:51  Shield Battery, Photon Cannon  
  171  10:53  Pylon, Disruptor x2, Tempest x2  
  171  10:57  Tempest  
  158  11:04  Zealot x9  
  158  11:05  Zealot  
  176  11:20  Assimilator  
  176  11:24  Assimilator  
  174  11:29  Disruptor  
  174  11:40  Tempest  
  174  11:41  Zealot x8  
  163  11:56  Zealot x2  
  145  12:02  Probe  
  145  12:08  Carrier  
  150  12:10  Psionic Storm, Carrier  
  150  12:13  High Templar x5  
  157  12:20  Warp Prism  
  159  12:22  Archon  
  159  12:27  Photon Cannon  
  159  12:29  Photon Cannon, Protoss Air Weapons Level 2  
  159  12:31  Shield Battery  
  159  12:33  Shield Battery  
  159  12:34  Nexus  
  159  12:39  Pylon  
  159  12:42  Assimilator  
  159  12:45  Probe x2  
  161  12:53  Observer, High Templar  
  161  12:56  Disruptor  
  161  12:58  Zealot x3  
  168  13:00  Carrier  
  174  13:06  Nexus  
  177  13:18  Dark Shrine  
  177  13:23  Carrier  
  183  13:29  Probe  
  183  13:32  Disruptor  
  187  13:34  Photon Cannon  
  187  13:36  Probe  
  188  13:48  Photon Cannon  
  188  13:49  Shield Battery  
  188  13:52  Photon Cannon  
  188  13:54  Pylon  
  188  14:03  Pylon  
  188  14:05  Probe x2  
  187  14:20  Immortal  
  191  14:34  Zealot x4  
  199  14:44  Pylon  
  200  15:00  Observer  
  196  15:16  Probe x2  
  196  15:20  Dark Templar  
  200  15:23  Pylon  
  174  15:44  Zealot x3, Stalker x4  
  179  15:57  Carrier  
  179  15:58  Carrier  
  179  16:00  Zealot x2  
  187  16:24  Zealot x4  
  195  16:25  Dark Templar x2  
  195  16:26  Forge  
  199  16:51  Pylon  
  199  16:57  Probe  
  199  16:58  Probe  
  199  17:00  Assimilator  
  195  17:09  Nexus  
  195  17:12  Dark Templar x2  
  191  17:32  Stalker x5  
  191  17:36  Probe  
  191  17:39  Pylon  
  181  17:47  Pylon  
  181  17:49  Zealot x4  
  177  17:51  Archon  
  177  17:55  Zealot x4  
  177  17:56  Zealot  
  101  18:13  Stalker x4  
  101  18:18  Stalker x5  
Show
View Real Time Build Order
Export as new Build Order

Vindicta Terran - Winner!

Build Orders: Reaper Expand 

Get SALT Encoding   

  12  0:00  SCV  
  13  0:13  SCV  
  14  0:17  Supply Depot  
  14  0:25  SCV  
  15  0:38  SCV  
  15  0:40  Barracks  
  16  0:43  Refinery  
  16  0:50  SCV  
  17  1:03  SCV  
  18  1:15  SCV  
  19  1:29  Orbital Command, Reaper  
  20  1:46  Command Center  
  20  1:56  SCV  
  20  2:00  Supply Depot  
  20  2:01  Marine  
  22  2:08  SCV  
  23  2:11  Factory  
  23  2:21  Refinery  
  23  2:22  Barracks Reactor, SCV  
  24  2:34  SCV  
  25  2:46  SCV  
  26  2:56  Widow Mine  
  26  2:58  Marine x2, SCV  
  29  2:59  Starport  
  29  3:01  Orbital Command  
  31  3:10  SCV  
  32  3:14  Supply Depot  
  32  3:16  Marine x2  
  32  3:19  Widow Mine  
  36  3:22  SCV  
  36  3:26  SCV  
  38  3:34  SCV, Marine x2  
  38  3:37  Medivac  
  38  3:38  SCV  
  38  3:40  Widow Mine  
  45  3:44  Bunker  
  45  3:46  SCV  
  46  3:50  SCV  
  46  3:52  Marine x2  
  49  3:57  Supply Depot  
  49  3:58  SCV  
  49  4:02  Liberator, Factory Tech Lab  
  50  4:04  SCV  
  51  4:11  SCV  
  51  4:14  Marine  
  51  4:16  SCV  
  54  4:19  Supply Depot  
  54  4:21  Siege Tank  
  54  4:22  Marine  
  54  4:23  SCV  
  62  4:27  Supply Depot  
  62  4:37  SCV  
  62  4:43  Command Center  
  62  4:45  SCV  
  62  4:49  SCV  
  63  4:54  Barracks Tech Lab  
  63  4:57  SCV  
  64  5:01  SCV  
  64  5:02  Supply Depot, Barracks  
  64  5:03  Barracks, Starport Reactor  
  64  5:04  Factory Reactor  
  65  5:09  SCV  
  65  5:13  Stimpack, SCV  
  69  5:14  Marauder  
  69  5:16  Refinery  
  69  5:18  Refinery  
  69  5:21  SCV  
  70  5:25  SCV  
  70  5:26  Engineering Bay x2  
  71  5:33  SCV  
  72  5:37  SCV  
  72  5:39  Marauder  
  70  5:45  SCV  
  70  5:49  SCV  
  76  5:51  Marauder  
  76  5:57  SCV  
  76  5:58  Medivac x2  
  76  5:59  Orbital Command  
  76  6:00  Marauder  
  76  6:01  SCV  
  76  6:02  Barracks  
  80  6:05  Barracks  
  80  6:06  Terran Infantry Weapons Level 1  
  80  6:07  Factory Tech Lab  
  80  6:09  Marine x2  
  80  6:10  Terran Infantry Armor Level 1  
  82  6:16  Marauder  
  82  6:17  SCV  
  82  6:18  SCV  
  84  6:20  Combat Shield  
  84  6:29  Marauder, SCV  
  84  6:32  SCV  
  87  6:34  Orbital Command  
  87  6:35  Siege Tank  
  87  6:39  Marauder  
  92  6:41  Supply Depot  
  92  6:45  SCV x2  
  93  6:48  Supply Depot  
  93  6:51  Marauder, Marine  
  96  6:54  Concussive Shells  
  96  6:56  Barracks Tech Lab  
  96  6:57  SCV  
  96  6:59  SCV  
  96  7:01  SCV  
  101  7:04  Armory  
  100  7:09  SCV  
  100  7:12  Marauder, Ghost Academy, Refinery  
  100  7:14  Marine x2  
  100  7:15  Refinery  
  105  7:16  Siege Tank  
  105  7:17  SCV  
  105  7:18  SCV  
  105  7:21  SCV  
  109  7:24  Marauder  
  109  7:25  Marauder, Marine  
  109  7:29  SCV  
  115  7:30  SCV  
  115  7:33  SCV  
  117  7:48  Viking, Marine  
  117  7:49  Marauder x2  
  117  7:51  Supply Depot x2  
  124  7:54  Terran Vehicle Weapons Level 1  
  124  8:04  Command Center  
  124  8:05  Sensor Tower  
  125  8:06  Supply Depot  
  125  8:08  Supply Depot  
  125  8:10  Terran Infantry Armor Level 2  
  125  8:12  Marauder x2, Ghost, Marine  
  132  8:13  Supply Depot  
  132  8:14  SCV  
  133  8:20  Siege Tank  
  133  8:25  Marine x2  
  133  8:26  Marine  
  137  8:30  Marine  
  142  8:34  Marauder x2  
  142  8:40  Barracks, Marine  
  141  8:42  Barracks  
  141  8:43  Marine x3  
  141  8:48  Marine  
  145  8:49  Missile Turret  
  145  8:50  Missile Turret  
  145  8:53  Terran Infantry Weapons Level 2, Siege Tank  
  145  8:54  Missile Turret  
  148  9:02  Marine x2  
  154  9:03  Medivac  
  154  9:04  Medivac, Marine  
  154  9:06  SCV  
  155  9:10  Marauder, Marine  
  158  9:17  Marauder, Marine  
  158  9:19  Missile Turret  
  158  9:22  Marine  
  161  9:28  Barracks Tech Lab  
  161  9:29  Barracks Tech Lab  
  161  9:30  Supply Depot  
  161  9:32  Marauder, Medivac  
  161  9:33  Enhanced Shockwaves  
  161  9:34  Ghost  
  161  9:38  Ghost  
  167  9:45  Planetary Fortress  
  169  9:47  Marauder, Refinery, Marine x2  
  169  9:48  Marauder, Refinery, Marine  
  169  9:52  Ghost  
  178  10:01  Bunker, SCV  
  178  10:03  Marine  
  178  10:04  Marauder  
  178  10:05  Marine  
  183  10:07  Marauder  
  183  10:09  Ghost  
  188  10:18  Marine x2  
  188  10:19  Starport, Terran Ship Weapons Level 1  
  188  10:21  Missile Turret  
  188  10:23  Supply Depot  
  188  10:24  Fusion Core  
  188  10:25  Supply Depot  
  188  10:27  Marauder x2  
  193  10:29  Marine  
  193  10:30  Marine x2  
  193  10:35  Sensor Tower  
  196  10:38  Marine  
  196  10:45  Marauder x2  
  196  10:47  Marine  
  184  11:06  Marine x3  
  184  11:07  Marauder  
  184  11:08  Terran Infantry Armor Level 3  
  184  11:10  Command Center  
  184  11:11  Siege Tank  
  192  11:19  Marine  
  192  11:20  Marauder  
  192  11:23  Ghost  
  192  11:34  Marine  
  192  11:35  Marauder  
  188  11:42  Starport Tech Lab  
  188  11:44  Marine  
  192  11:51  Liberator  
  192  11:53  Marine  
  175  11:54  Marine x2  
  175  11:55  Marauder x2, Marine x2  
  148  12:01  Marine  
  148  12:02  Marine  
  148  12:08  Viking x2  
  150  12:11  Marine, Advanced Ballistics  
  149  12:16  Starport  
  149  12:17  Terran Infantry Weapons Level 3  
  149  12:20  Ghost  
  149  12:24  Ghost  
  149  12:26  Marauder  
  153  12:33  Starport, Marine  
  153  12:34  Marauder, Liberator  
  153  12:35  Marine x2  
  158  12:37  Marine  
  159  12:48  Viking x2  
  159  12:49  Marine  
  153  12:52  Starport Reactor  
  153  12:55  Marine  
  153  12:57  Liberator  
  154  12:58  Ghost Academy  
  154  12:59  Ghost Academy  
  154  13:01  Liberator  
  154  13:09  Planetary Fortress  
  154  13:14  Starport Reactor  
  154  13:18  Viking  
  160  13:21  Personal Cloaking, Ghost  
  160  13:22  SCV x2  
  164  13:28  Missile Turret  
  164  13:30  Nuke x2  
  164  13:31  Liberator, Ghost  
  166  13:35  Liberator  
  166  13:36  Liberator  
  167  13:44  Missile Turret x2  
  168  13:49  Liberator x2, Refinery  
  168  13:50  Sensor Tower, Refinery  
  168  13:55  Terran Ship Weapons Level 2  
  175  13:56  SCV x2  
  175  13:57  SCV  
  175  13:59  Marine  
  185  14:15  Ghost  
  187  14:17  Liberator  
  187  14:21  Ghost  
  187  14:23  Missile Turret  
  189  14:24  Ghost  
  189  14:29  Marine  
  189  14:31  Marine  
  196  14:38  Marine  
  196  14:39  Marauder  
  196  14:43  Marine  
  200  14:52  Nuke  
  200  14:53  Nuke x2  
  200  14:56  Starport Reactor  
  200  15:01  Barracks  
  200  15:02  Barracks  
  178  15:45  Viking  
  178  15:46  Viking  
  178  15:47  Marine  
  179  15:50  Marine  
  179  15:52  Marine x2  
  179  15:56  Missile Turret  
  182  16:02  Nuke, Missile Turret  
  186  16:06  Viking  
  186  16:09  Marine  
  186  16:10  Viking  
  180  16:14  Viking x2  
  180  16:15  Viking  
  180  16:16  Viking  
  180  16:17  Nuke x2  
  178  16:22  Liberator  
  175  16:28  Viking  
  175  16:32  Barracks Tech Lab x2  
  177  16:36  Viking  
  178  16:41  Ghost x2  
  178  16:44  Viking x2  
  178  16:45  Viking  
  178  16:46  Marauder, Viking, Marine  
  194  16:58  Viking  
  196  17:02  Ghost  
  196  17:06  Viking  
  192  17:47  Viking  
  192  17:50  Marine  
  185  17:56  Marauder x3, Marine x3  
  193  18:00  Marine  
  193  18:01  Marauder  
Tags
 
Add a new tag
Caveats
  • Supply blocks, unpowered buildings, or Contaminate may cause inaccurate times.
  • Supply counts are checked every 10 seconds.